 Dungeon Crawl Stone Soup version 0.30.0-5-g1a98f26d00 (webtiles) character file.

Game seed: 17279413311755643097

330 retardedninja the Shield-Bearer (level 6, 0/55 HPs)
             Began as a Minotaur Fighter on May 8, 2023.
             Succumbed to a water moccasin's poison
             ... on level 7 of the Dungeon.
             The game lasted 00:01:46 (1145 turns).

retardedninja the Shield-Bearer (Minotaur Fighter)  Turns: 1145, Time: 00:01:47

Health: 0/55       AC:  7    Str: 22    XL:     6   Next: 26%
Magic:  5/5        EV:  9    Int:  5    God:
Gold:   92         SH:  9    Dex: 10    Spells: 5/5 levels left

rFire   . . .        a - +0 war axe
rCold   . . .        e - +0 kite shield
rNeg    . . .        b - +0 scale mail
rPois   .            (helmet restricted)
rElec   .            (no cloak)
rCorr   .            (no gloves)
SInv    .            (no boots)
Will    .....        (no amulet) Stlth
                     (no ring)
HPRegen 0.29/turn    (no ring)
MPRegen 0.09/turn

%: no passive effects
@: lethally poisoned (0 -> -23), hasted, very quick
A: horns 2, retaliatory headbutt
a: no special abilities


You were on level 7 of the Dungeon.
You visited 1 branch of the dungeon, and saw 8 of its levels.

You collected 92 gold pieces.

Inventory:

Hand Weapons
 a - a +0 war axe (weapon)
Armour
 b - a +0 scale mail (worn)
 c - a +0 buckler
 e - a +0 kite shield (worn)
Jewellery
 f - a +6 ring of dexterity
 l - an amulet of guardian spirit
Scrolls
 h - 3 scrolls of amnesia {unknown}
 i - a scroll of blinking {unknown}
 m - a scroll of teleportation {unknown}
Potions
 d - a potion of might
 g - 3 potions of haste
 j - a potion of degeneration {unknown}
 k - a potion of brilliance {unknown}


   Skills:
 + Level 4.8 Fighting
 + Level 4.6 Axes
 + Level 4.7 Armour
 + Level 1.3 Dodging
 + Level 5.7 Shields


You had 5 spell levels left.
You didn't know any spells.
Your spell library contained the following spells:

 Spells                   Type           Power      Damage    Failure   Level
 Ensorcelled Hibernation  Hex/Ice        0%         N/A       99%         2
 Mephitic Cloud           Conj/Pois/Air  0%         N/A       100%        3
 Fulminant Prism          Conj/Hex       0%         3d5       100%        4
 Discord                  Hex            0%         N/A       100%        8


Dungeon Overview and Level Annotations

Branches:
Dungeon (8/15)
 Temple: D:4-7         Lair: D:8-11

Altars:

Shops:
D:4 (


Innate Abilities, Weirdness & Mutations

You have a pair of horns on your head.
You reflexively headbutt those who attack you in melee.


Message History

The water moccasin bites you. The water moccasin barely misses you.
A water moccasin is nearby!
You closely miss the water moccasin.
Your headbutt misses the water moccasin.
The water moccasin is moderately wounded.
The water moccasin bites you but does no damage.
The water moccasin bites you.
You completely miss the water moccasin.
The water moccasin is moderately wounded.
You block the water moccasin's attack. The water moccasin bites you.
You are poisoned.
The water moccasin poisons you!
Unknown command.
You miss the water moccasin. You headbutt the water moccasin!
The water moccasin is heavily wounded.
You feel very sick. You block the water moccasin's attack.
The water moccasin bites you.
You are more poisoned.
The water moccasin poisons you!
You are too injured to fight recklessly!
Unknown command.
You closely miss the water moccasin.
The water moccasin is heavily wounded.
You feel very sick.
You block the water moccasin's attack. x2
You miss the water moccasin.
The water moccasin is heavily wounded.
You feel very sick. The water moccasin bites you.
You block the water moccasin's attack.
You barely miss the water moccasin.
Your headbutt misses the water moccasin.
The water moccasin is heavily wounded.
You feel very sick. The water moccasin bites you!
* * * LOW HITPOINT WARNING * * *
You are lethally poisoned!
The water moccasin poisons you! The water moccasin bites you.
* * * LOW HITPOINT WARNING * * *
It was a potion of haste.
You feel yourself speed up.
You die...

##### ..## #..)#
.....############)>.#
#................#
#..#....#####@...#
#....###.#
#S...###### ..$....
#.## ##.........
...##..
#..#####...#####.##
.. ##. ##........##
..# . ..
#####...##### #.# ..
#....))...####.######
..
#.#.#####..).).......
#......#.#
######.######


You could see a water moccasin.

Vanquished Creatures
  A black bear (D:5)
  2 hounds
  An orc priest (D:3)
  2 jellies
  3 adders
  A gnoll (D:7)
  An ufetubus (D:7)
  9 orcs
  3 endoplasms
  A giant cockroach (D:3)
  3 goblins (D:4)
  2 hobgoblins
  4 jackals (D:4)
  3 kobolds
  3 ball pythons
  2 frilled lizards
  2 rats (D:3)
43 creatures vanquished.

Notes
Turn   | Place    | Note
-------+----------+-------------------------------------------
     0 | D:1      | retardedninja the Minotaur Fighter began the quest for the
                  | Orb.
     0 | D:1      | Reached XP level 1. HP: 19/19 MP: 0/0
   207 | D:1      | You fall into a shaft and drop 1 floor!
   223 | D:2      | Reached XP level 2. HP: 25/27 MP: 1/1
   224 | D:2      | Reached skill level 4 in Shields
   256 | D:3      | Reached XP level 3. HP: 30/33 MP: 2/2
   333 | D:3      | Reached XP level 4. HP: 41/41 MP: 3/3
   434 | D:4      | Got the Reference Book on Hexes and Blasting
   448 | D:4      | Found Itorchub's Weapon Emporium.
   598 | D:5      | Entered Level 5 of the Dungeon
   652 | D:5      | Noticed a black bear
   661 | D:5      | Killed a black bear
   662 | D:5      | Reached skill level 1 in Dodging
   662 | D:5      | Reached skill level 5 in Shields
   662 | D:5      | Reached XP level 5. HP: 29/47 MP: 4/4
  1006 | D:7      | Reached XP level 6. HP: 45/55 MP: 5/5
  1100 | D:8      | Noticed an orc warrior
  1122 | D:7      | Noticed a water moccasin
  1145 | D:7      | Succumbed to a water moccasin's poison

Illustrated notes

Levels and vault maps discovered:
D:1:      saegor_arrival_under_anarchy, layout_basic, hangedman_decor_slide_cut
D:2:      layout_rooms, basic_altar, roderic_roman_lattice
D:3:      layout_loops_ring, minmay_misc_feat_plants
D:4:      cheibrodos_greedy_goblins, layout_cave_pools,
          nicolae_uskayaw_suspiria, serial_shops, shop,
          nicolae_shop_bloodbath_and_beyond, shop, nicolae_shop_peninsula,
          nicolae_inconvenience_store
D:5:      minmay_opposing_rooms, layout_basic, evilmike_ruin_ashenzari,
          tso_metal_star, roderic_lattice_a, minmay_hollow_rounded_squares
D:6:      layout_loops_ring, mainiacjoe_overflow_alcove_4, uniq_maggie
D:7:      layout_rooms, trog_butcher_becter, nicolae_dithmenos_shadow_blocks,
          enter_bailey_2
D:8:      kennysheep_housing_project, layout_loops_corners,
          nicolae_ru_path_of_blood, uniq_maurice

Skill      XL: |  1  2  3  4  5 |
---------------+----------------+-----
Fighting       | 4 |  4.8
Shields        | 4 5 |  5.7
Armour         | 4 |  4.7
Axes           | 3 4 |  4.6
Dodging        | 1 |  1.3

Action                     |  1- 3 |  4- 6 || total
---------------------------+-------+-------++-------
  Melee: War axe           |    29 |    78 ||   107
         Headbutt          |     8 |    13 ||    21
    Use: Potion            |       |     1 ||     1
 Armour: Scale mail        |     9 |    38 ||    47
  Dodge: Dodged            |    10 |    33 ||    43
  Block: Kite shield       |    17 |    59 ||    76
         Buckler           |     2 |       ||     2
